 Dungeon Crawl Stone Soup version 0.30-a0-986-g7f2e898f52 (webtiles) character file.

Game seed: 3160354967152490342

38893 Shard1697 the Prestidigitator (level 13, -17/126 HPs)
             Began as an Armataur Fighter on Apr 2, 2023.
             Was an Initiate of Gozag.
             Demolished by Donald
             ... wielding a +1 war axe of pain
              (34 damage)
             ... on level 1 of the Orcish Mines.
             The game lasted 00:26:07 (19957 turns).

Shard1697 the Prestidigitator (Armataur Fighter)   Turns: 19957, Time: 00:26:07

Health: -17/126    AC: 22    Str: 25    XL:     13   Next: 66%
Magic:  22/22      EV:  9    Int: 13    God:    Gozag
Gold:   3197       SH:  9    Dex: 11    Spells: 12/12 levels left

rFire   . . .      SeeInvis +    a - +2 whip (elec)
rCold   + . .      Faith    .    c - +0 buckler
rNeg    . . .      Spirit   .    t - +4 scale mail
rPois   .          Reflect  +    q - +1 helmet
rElec   .          Roll     +    D - +0 cloak
rCorr   .                        s - +0 pair of gloves
Will    +....                    (no barding) Stlth
                                 C - amulet of reflection
HPRegen 0.41/turn                H - +4 ring of protection
MPRegen 0.18/turn                l - ring "Lostran" {rC+ Will+ MP+9 Int+4 SInv}

@: marked, gold aura, studying Staves
A: large, rugged brown scales 3, deformed body, armoured tail, roll, long
tongue, awkward tongue
a: Renounce Religion, Potion Petition, Call Merchant, Bribe Branch


You were on level 1 of the Orcish Mines.
You worshipped Gozag.
Gozag was most pleased with you.
You visited 3 branches of the dungeon, and saw 18 of its levels.
You also visited: Sewer and Ice Cave.

You collected 3625 gold pieces.
You spent 390 gold pieces at shops.
You paid 38 gold pieces to Gozag.

Inventory:

Hand Weapons
 a - a +2 whip of electrocution (weapon)
 I - a +0 morningstar
 U - a +1 flail of draining
Missiles
 w - 2 throwing nets (quivered)
Armour
 c - a +0 buckler (worn)
 q - a +1 helmet (worn)
 s - a +0 pair of gloves (worn)
 t - a +4 scale mail (worn)
 z - a +0 ring mail of fire resistance
 D - a +0 cloak (worn)
Jewellery
 e - a ring of resist corrosion
 l - the ring "Lostran" (right hand) {rC+ Will+ MP+9 Int+4 SInv}
   (You found it in an ice cave)

   [ring of protection from cold]

   Int:       It affects your intelligence (+4).
   rC:        It protects you from cold.
   MP:        It affects your magic capacity (+9).
   SInv:      It lets you see invisible.
   Will:      It increases your willpower.
 n - a ring of protection from fire
 r - a ring of poison resistance
 A - the ring "Boywewn" {MP+9 Str+3 Dex+3}
   (You found it on level 7 of the Dungeon)

   [ring of magical power]

   Str:       It affects your strength (+3).
   Dex:       It affects your dexterity (+3).
   MP:        It affects your magic capacity (+9).
 C - an amulet of reflection (around neck)
 G - a ring of positive energy
 H - a +4 ring of protection (left hand)
Wands
 m - a wand of flame (20)
 x - a wand of polymorph (7)
 y - a wand of iceblast (10)
 Q - a wand of light (4)
Scrolls
 h - a scroll of amnesia
 i - a scroll of butterflies
 o - 3 scrolls of poison
 p - 4 scrolls of teleportation
 E - a scroll of brand weapon
 N - a scroll of blinking
 P - a scroll of enchant weapon
 T - a scroll of fear
Potions
 d - 2 potions of might
 f - 3 potions of attraction
 g - 4 potions of flight
 j - 5 potions of brilliance
 k - 6 potions of curing
 u - 2 potions of haste
 F - a potion of mutation
 J - a potion of cancellation
 M - 2 potions of lignification
 O - a potion of berserk rage
 R - a potion of magic
 S - a potion of ambrosia {unknown}
Miscellaneous
 v - a lightning rod (1/4)
 B - a tin of tremorstones (2/2)
 K - a phantom mirror (inert)
 L - a phial of floods


   Skills:
 + Level 12.0 Fighting
 - Level 12.0 Maces & Flails
 - Level 10.6 Armour
 - Level 4.0 Dodging
 * Level 3.6 Shields
 + Level 12.4 Evocations


You had 12 spell levels left.
You didn't know any spells.
Your spell library contained the following spells:

 Spells                   Type           Power      Damage    Failure   Level
 Sandblast                Erth           0%         2d4       58%         1
 Shock                    Conj/Air       0%         1d3       58%         1
 Slow                     Hex            0%         N/A       58%         1
 Ensorcelled Hibernation  Hex/Ice        0%         N/A       75%         2
 Passwall                 Tmut/Erth      0%         N/A       75%         2
 Confusing Touch          Hex            0%         N/A       92%         3
 Spider Form              Tmut/Pois      0%         N/A       92%         3
 Stone Arrow              Conj/Erth      0%         3d7       92%         3
 Swiftness                Air            0%         N/A       92%         3
 Vampiric Draining        Necr           0%         2d6       92%         3
 Airstrike                Air            0%         2d(0-16)  100%        4
 Anguish                  Hex/Necr       0%         N/A       100%        4
 Cause Fear               Hex            0%         N/A       100%        4
 Leda's Liquefaction      Hex/Erth       0%         N/A       100%        4
 Blade Hands              Tmut           0%         N/A       100%        5
 Irradiate                Conj/Tmut      0%         3d11      100%        5
 Iskenderun's Battlesphe  Conj           0%         2d6       100%        5
 Lee's Rapid Deconstruct  Erth           0%         3d4*      100%        5
 Iron Shot                Conj/Erth      0%         9d1       100%        6
 Statue Form              Tmut/Erth      0%         N/A       100%        6
 Dragon Form              Tmut           0%         N/A       100%        7
 Enfeeble                 Hex            0%         N/A       100%        7
 Ozocubu's Refrigeration  Ice            0%         4d7       100%        7
 Spellforged Servitor     Conj/Summ      0%         N/A       100%        7
 Simulacrum               Ice/Necr       Unusable   N/A       N/A         6

Dungeon Overview and Level Annotations

Branches:
Dungeon (15/15)            Temple (1/1) D:4            Lair (0/5) D:10
    Orc (2/2) D:12            Elf (0/3) Orc:2        Vaults (0/5) D:14
 Depths (0/4) D:15          Sewer (visited)           IceCv (visited)

Altars:
Ashenzari
Gozag
Hepliaklqana
Makhleb
Nemelex Xobeh
Okawaru
Qazlal
Trog
Uskayaw
Wu Jian
Xom

Shops:
D:6 *

Annotations:
D:8 Gastronok
D:15 Roxanne
Orc:1 Donald
Orc:2 Rupert


Innate Abilities, Weirdness & Mutations

You are completely covered in rugged brown scales. (AC +3, +7% HP)
Armour fits poorly on your strangely shaped body.
You have a long armoured tail.
You roll when moving toward enemies. (Rampage)
Your long tongue fully drains potion bottles. (2x potion effects)
Your tongue gives you trouble enunciating. (1.5x scroll delay)


Message History

Donald hits the orc warrior with a +1 war axe of pain!
The orc warrior dies!
You whack the orc warrior!
The orc warrior is no longer distracted by gold.
The orc warrior is heavily wounded.
Donald says, "I hope I haven't come all this way for a glorified paperweight."
Donald hits Urug with a +1 war axe of pain!!
Urug writhes in agony.
Donald hits you with a +1 war axe of pain!
You writhe in agony!
The orc warrior misses you. You block Urug's attack.
You whack Urug!
Urug is almost dead.
Donald says, "You're really ugly.
Did you know that?"
Donald hits Urug with a +1 war axe of pain!
Donald hits you with a +1 war axe of pain.
You hit Urug but do no damage.
Urug is almost dead.
The orc warrior hits you but does no damage.
Urug hits you with a +2 great mace.
Donald closely misses Urug.
You closely miss Urug.
Urug is almost dead.
Donald hits you with a +1 war axe of pain!
You writhe in agony.
You hit Urug. Lightning courses through Urug!
You kill Urug!
Donald hits you with a +1 war axe of pain!!
* * * LOW HITPOINT WARNING * * *
You writhe in agony.
* * * LOW HITPOINT WARNING * * *
Donald hits Donald with a +1 war axe of pain!!
Donald writhes in agony!
The orc warrior hits you with a +0 scimitar!
* * * LOW HITPOINT WARNING * * *
Your lightning rod (1/4) has regained one charge.
You feel better.
You slurp down every last drop of the potion of curing!
Donald shimmers and vanishes!
Donald hits you with a +1 war axe of pain!!
You die...
Your body crumbles into a pile of gold.

.##.....# #.......##
..##...####........##
..#....#.#..........#
..........#.........#
..#..........#.....##
##...........##....##
....................#
..............$>$o.##
...............@@...#
.................#.##
....................#
................#..##
...................#
...................##
............[.(.....#
#.#...#....[..).....#
.###.####.#.#.)....##


You could see Donald (fast, strong, reflecting) and an orc warrior.

Vanquished Creatures
  An azure jelly (IceCv)
  3 quicksilver oozes (IceCv)
  A dire elephant (D:15)
  Erolcha (D:9)
  2 hydras
  An ogre mage (D:15)
  Erica (D:8)
  A centaur warrior (D:13)
  6 two-headed ogres
  4 boulder beetles
  Urug (Orc:1)
  4 skeletal warriors (D:15)
  A wizard (D:14)
  An orc knight (D:15)
  An ugly thing (D:13)
  A deep elf pyromancer (D:12)
  A wolf spider (D:15)
  A deep elf zephyrmancer (D:14)
  3 cyclopes
  4 manticores
  Maurice (D:8)
  2 ice statues (IceCv)
  2 gargoyles (D:13)
  2 kobold demonologists (D:13)
  A yaktaur (shapeshifter) (D:15)
  Psyche (D:9)
  A troll (shapeshifter) (D:15)
  A troll (D:12)
  Prince Ribbit (D:9)
  3 hornets
  31 slime creatures
  A centaur simulacrum (D:14)
  4 wraiths
  5 shadows
  2 wyverns
  3 yaks (D:10)
  A steam dragon (D:7)
  2 vampire mosquitoes (D:13)
  A warg (Orc:1)
  2 water moccasins
  5 orc warriors
  A meliai simulacrum (D:14)
  An ice beast (D:5)
  Pargi (Sewer)
  3 great orb of eyes simulacra (IceCv)
  6 black bears
  4 ogres
  5 centaurs
  3 phantoms
  3 slime creature simulacra (IceCv)
  3 kobold brigands
  2 scorpions (D:5)
  2 bullfrogs
  A gnoll sergeant (D:5)
  3 glowing shapeshifter simulacra (IceCv)
  8 wights
  2 troll zombies (D:12)
  11 killer bees
  7 howler monkeys
  A gnoll bouda (D:6)
  8 orc priests
  4 iguanas
  13 orc wizards
  4 sleepcaps
  3 shapeshifter simulacra (IceCv)
  4 ogre zombies (D:12)
  Robin (D:3)
  9 gnolls
  5 adders
  3 shadow imps
  12 white imps (D:11)
  An ufetubus (D:5)
  A worm (D:2)
  2 dart slugs (D:1)
  27 orcs
  11 ball pythons
  4 bats
  6 endoplasms
  4 giant cockroaches
  13 goblins
  13 hobgoblins
  6 jackals
  4 quokkas
  5 frilled lizards
  3 goblin skeletons (D:12)
  A goblin zombie (D:12)
  3 hobgoblin zombies (D:12)
  18 kobolds
  12 orc zombies (D:12)
  13 rats
391 creatures vanquished.

Vanquished Creatures (collateral kills)
  An orc warrior (Orc:1)
  An orc (Orc:1)
2 creatures vanquished.

Vanquished Creatures (others)
  A kobold (D:9)
  8 plants (D:2)
9 creatures vanquished.

Grand Total: 402 creatures vanquished

Notes
Turn   | Place    | Note
-------+----------+-------------------------------------------
     0 | D:1      | Shard1697 the Armataur Fighter began the quest for the Orb.
     0 | D:1      | Reached XP level 1. HP: 19/19 MP: 1/1
   204 | D:1      | Reached XP level 2. HP: 26/26 MP: 2/2
  1001 | D:2      | Reached XP level 3. HP: 32/32 MP: 3/3
  1997 | D:3      | Reached XP level 4. HP: 39/39 MP: 4/4
  2350 | D:3      | Noticed Robin
  2364 | D:3      | Killed Robin
  3443 | D:4      | Noticed a black bear
  3449 | D:4      | Killed a black bear
  3450 | D:4      | Reached skill level 5 in Maces & Flails
  3450 | D:4      | Reached XP level 5. HP: 32/44 MP: 5/5
  3465 | D:4      | Found a staircase to the Ecumenical Temple.
  3466 | D:4      | Noticed a centaur
  3474 | D:4      | Killed a centaur
  3475 | D:4      | Reached XP level 6. HP: 39/53 MP: 6/6
  3492 | Temple   | Entered the Ecumenical Temple
  3496 | Temple   | Became a worshipper of Gozag Ym Sagoz the Greedy
  3644 | D:5      | Entered Level 5 of the Dungeon
  3783 | D:5      | Noticed a wraith
  3803 | D:5      | Reached XP level 7. HP: 52/59 MP: 7/7
  3823 | D:5      | Killed a wraith
  3836 | D:5      | Found a glowing drain.
  3894 | Sewer    | Entered a sewer
  4072 | Sewer    | Noticed Pargi
  4092 | Sewer    | Killed Pargi
  4344 | D:5      | Reached XP level 8. HP: 59/66 MP: 8/8
  4412 | D:5      | Got the Folio of Charms
  5064 | D:5      | Reached skill level 10 in Maces & Flails
  5553 | D:6      | Reached XP level 9. HP: 63/72 MP: 9/9
  5894 | D:6      | Found Vosko's Gadget Gallery.
  5899 | D:6      | Bought a lightning rod (4/4) for 390 gold pieces
  6292 | D:7      | Identified the ring "Boywewn" {MP+9 Str+3 Dex+3}
  6378 | D:7      | Reached skill level 1 in Evocations
  7225 | D:8      | Noticed Maurice
  7251 | D:8      | Killed Maurice
  7442 | D:8      | Noticed Gastronok
  7976 | D:8      | Reached skill level 5 in Fighting
  8076 | D:8      | Noticed Erica
  8081 | D:8      | Killed Erica
  8082 | D:8      | Reached XP level 10. HP: 87/87 MP: 10/10
  8202 | D:9      | Noticed Erolcha
  8216 | D:9      | Killed Erolcha
  8217 | D:9      | Reached skill level 5 in Evocations
  8682 | D:9      | Noticed Psyche
  8688 | D:9      | Killed Psyche
  8746 | D:9      | You fall into a shaft and drop 2 floors!
  8821 | D:11     | Found a frozen archway.
  8856 | IceCv    | Entered an ice cave
  8958 | IceCv    | Noticed a quicksilver ooze
  8965 | IceCv    | Killed a quicksilver ooze
  9107 | IceCv    | Reached XP level 11. HP: 93/100 MP: 11/11
  9792 | IceCv    | Noticed a quicksilver ooze
  9798 | IceCv    | Killed a quicksilver ooze
  9822 | IceCv    | Noticed a quicksilver ooze
  9826 | IceCv    | Killed a quicksilver ooze
 10362 | IceCv    | Found a viscous altar of Jiyva.
 10362 | IceCv    | Noticed an azure jelly
 10371 | IceCv    | Killed an azure jelly
 10735 | IceCv    | Reached skill level 10 in Evocations
 10940 | IceCv    | Got the ring "Lostran" {rC+ Will+ MP+9 Int+4 SInv}
 10947 | IceCv    | Got the Spellbook of Slime
 11043 | D:10     | Entered Level 10 of the Dungeon
 11138 | D:9      | Reached skill level 10 in Fighting
 11167 | D:9      | Noticed Prince Ribbit
 11188 | D:9      | Killed Prince Ribbit
 11280 | D:9      | Noticed a two-headed ogre
 11288 | D:9      | Killed a two-headed ogre
 11687 | D:10     | Found a staircase to the Lair.
 11755 | D:10     | Found a shimmering altar of Xom.
 11756 | D:10     | Found a shimmering altar of Xom.
 11757 | D:10     | Found a shimmering altar of Xom.
 11772 | D:10     | Reached XP level 12. HP: 110/113 MP: 12/12
 11822 | D:10     | Found a shimmering altar of Xom.
 11824 | D:10     | Found a shimmering altar of Xom.
 11830 | D:10     | Found a shimmering altar of Xom.
 11831 | D:10     | Found a shimmering altar of Xom.
 12164 | D:10     | Found a hazy altar of Hepliaklqana.
 12164 | D:10     | Found a bloodstained altar of Trog.
 12171 | D:10     | Found an iron altar of Okawaru.
 12173 | D:10     | Found a stormy altar of Qazlal.
 12175 | D:10     | Found an ornate altar of the Wu Jian Council.
 12767 | D:11     | Noticed a boulder beetle
 12778 | D:11     | Killed a boulder beetle
 12779 | D:11     | Reached skill level 5 in Armour
 13053 | D:11     | Noticed a two-headed ogre
 13060 | D:11     | Killed a two-headed ogre
 13399 | D:11     | Found an opulent altar of Gozag.
 13472 | D:12     | Noticed a two-headed ogre
 13482 | D:12     | Killed a two-headed ogre
 14052 | D:12     | Found a staircase to the Orcish Mines.
 14078 | D:12     | Noticed a two-headed ogre
 14094 | D:12     | Killed a two-headed ogre
 14875 | D:13     | Noticed a five-headed hydra
 14888 | D:12     | Killed a five-headed hydra
 15359 | D:13     | Noticed a centaur warrior
 15368 | D:13     | Killed a centaur warrior
 16128 | D:13     | Identified the +3 sling of Upheaval {elec, rN+}
 16453 | D:13     | Noticed a boulder beetle
 16477 | D:13     | Killed a boulder beetle
 16660 | D:14     | Reached skill level 10 in Armour
 16660 | D:14     | Reached XP level 13. HP: 116/124 MP: 13/13
 17110 | D:14     | Found a gate to the Vaults.
 17507 | D:14     | Found a sparkling altar of Nemelex Xobeh.
 17624 | D:15     | Entered Level 15 of the Dungeon
 17906 | D:15     | Reached skill level 1 in Dodging
 18137 | D:15     | Found a hide-covered altar of Uskayaw.
 18636 | D:15     | Noticed Roxanne
 18865 | D:15     | Found a staircase to the Depths.
 18865 | D:15     | Noticed a dire elephant
 19440 | D:15     | Killed a dire elephant
 19709 | Orc:1    | Entered Level 1 of the Orcish Mines
 19865 | Orc:2    | Entered Level 2 of the Orcish Mines
 19889 | Orc:2    | Found a staircase to the Elven Halls.
 19931 | Orc:2    | Noticed Donald
 19936 | Orc:2    | Noticed Urug
 19942 | Orc:2    | Noticed Rupert
 19956 | Orc:1    | Killed Urug
 19956 | Orc:1    | HP: 1/126 [orc warrior/+0 scimitar (9)]
 19957 | Orc:1    | Demolished by Donald

Illustrated notes

Levels and vault maps discovered:
D:1:      ncdulo_smallfort, layout_loops_corners
D:2:      layout_loops_ring, serial_bayou, serial_bayou_shore_b,
          serial_bayou_pond_c, serial_bayou_shore_b, serial_bayou_lake_a,
          minmay_stone_trees_medium
D:3:      layout_loops_ring, uniq_robin
D:4:      layout_basic, temple_statues, kennysheep_small_square
D:5:      layout_loops_ring, portal_sewer_entry_c
D:6:      layout_cave_pools, nicolae_shop_gadgets
D:7:      layout_gridville
D:8:      layout_basic, uniq_maurice, uniq_erica, uniq_gastronok
D:9:      layout_loops_corners, uniq_psyche, uniq_erolcha, uniq_prince_ribbit1
D:10:     layout_loops_ring, chequers_temple_overflow_minitemple,
          xom_redecorated, kennysheep_generic_room_4
D:11:     layout_roguey, gauntlet_entry_generic, portal_ice_cave_entry_imps,
          grunt_gozag_statues
D:12:     layout_roguey, zombieorc1_lemuel
D:13:     layout_basic
D:14:     layout_gridville, david_vaults_1, nemelex_diamond_rough_becter
D:15:     hangedman_depths_entry_try_elsewhere_first, layout_basic,
          nicolae_uskayaw_en_pointe, hex_large, uniq_roxanne
Temple:   kb_temple_of_zot
Orc:1:    layout_caves
Orc:2:    grunt_orc_community_town_hall, layout_caves,
          grunt_orc_community_big_house_1, grunt_orc_community_big_house_1,
          grunt_orc_community_house_2, grunt_orc_community_house_1,
          grunt_orc_community_house_1, grunt_orc_community_house_3,
          grunt_orc_community_house_3, grunt_orc_community_house_1, uniq_donald,
          uniq_rupert, uniq_urug

Skill      XL: |  1  2  3  4  5  6  7  8  9 10 11 12 13 |
---------------+----------------------------------------+-----
Maces & Flails | 2 3 5 7 8 10 12 | 12.0
Fighting       | 5 7 10 11 12 | 12.0
Evocations     | 4 7 10 11 12 | 12.4
Armour         | 4 10 | 10.6
Dodging        | 4 |  4.0
Shields        | |  3.6

Action                     |  1- 3 |  4- 6 |  7- 9 | 10-12 | 13-15 || total
---------------------------+-------+-------+-------+-------+-------++-------
  Melee: Flail             |   126 |    85 |       |     5 |       ||   216
         Tailslap          |    13 |    23 |    59 |   179 |    75 ||   349
         Whip              |       |    57 |   423 |   953 |   319 ||  1752
  Evoke: Lightning rod     |       |       |     4 |     4 |     4 ||    12
         Wand              |       |       |       |    12 |       ||    12
         Phantom mirror    |       |       |       |       |     1 ||     1
    Use: Scroll            |       |     9 |     6 |     6 |     2 ||    23
         Potion            |       |       |     3 |     8 |     2 ||    13
   Stab: Distracted        |       |       |     1 |     2 |     2 ||     5
 Armour: Scale mail        |    56 |    66 |   166 |   224 |    93 ||   605
  Dodge: Dodged            |    42 |    62 |   127 |   115 |    53 ||   399
  Block: Buckler           |    15 |    30 |   101 |   223 |    69 ||   438
         Reflection        |       |       |       |     9 |       ||     9

Table legend: (Time is in decaauts)
 A = Elapsed time spent in this place.
 B = Non-inter-level travel time spent in this place.
 C = Inter-level travel time spent in this place.
 D = Time resting spent in this place.
 E = Time spent auto-exploring this place.
 F = Levels seen in this place.
 G = Mean time per level.
                   A        B        C        D        E       F      G
               +--------+--------+--------+--------+--------+-----+--------+
         Total |  19317 |  18770 |    547 |   4721 |  10627 |  20 |  965.8 |
       Dungeon |  16780 |  16241 |    539 |   3370 |  10192 |  15 | 1118.7 |
        Temple |      8 |      8 |      0 |      0 |      0 |   1 |    8.0 |
  Orcish Mines |    234 |    226 |      8 |      0 |    170 |   2 |  117.0 |
         Sewer |    245 |    245 |      0 |    105 |     75 |   1 |  245.0 |
      Ice Cave |   2048 |   2048 |      0 |   1246 |    190 |   1 | 2048.0 |
               +--------+--------+--------+--------+--------+-----+--------+

Top non-repeatable levels by time:
   IceCv: 2048 daAuts
    D:15: 1739 daAuts
    D:13: 1603 daAuts
    D:12: 1420 daAuts
     D:5: 1419 daAuts
    D:14: 1178 daAuts
     D:9: 1129 daAuts
     D:7: 1072 daAuts
    D:10: 1032 daAuts
     D:3: 959 daAuts
     D:1: 957 daAuts
     D:4: 935 daAuts
     D:6: 901 daAuts
     D:2: 834 daAuts
    D:11: 823 daAuts
